 Dungeon Sprint DCSS version 0.19.0-24-gb05acd6 (webtiles) character file.

36541 igo the Convoker (level 13, -33/90 HPs)
             Began as a High Elf Air Elementalist on Nov 22, 2016.
             Was an Elder of Sif Muna.
             Hit by a large rock thrown by a stone giant (47 damage)
             ... in the Dungeon (Sprint IX: "|||||||||||||||||||||||||||||").
             The game lasted 00:38:18 (2801 turns).

igo the Convoker (High Elf Air Elementalist)        Turns: 2801, Time: 00:38:20

Health: -33/90     AC: 11    Str:  7    XL:     13   Next: 53%
Magic:  21/29      EV: 22    Int: 23    God:    Sif Muna [****..]
Gold:   1007       SH:  0    Dex: 21    Spells: 7 memorised, 8 levels left

rFire  . . .     SeeInvis +     p - staff of energy
rCold  . . .     Gourm    .     H - +0 troll leather armour
rNeg   . . .     Faith    .     (no shield)
rPois  +         Spirit   .     G - +0 helmet
rElec  .         Reflect  .     M - +0 cloak {rPois}
rCorr  .         Harm     .     r - +0 pair of gloves
MR     +....     NoTele   +     (no boots)
Stlth  ++........               (no amulet)
                                t - +3 ring of dexterity
                                C - ring of see invisible

@: repel missiles
A: no striking features
a: Divine Energy, Channel Magic, Forget Spell, Renounce Religion


You were in the Dungeon.
You worshipped Sif Muna.
Sif Muna was greatly pleased with you.
You were hungry.

You visited 1 branch You collected 1918 gold pieces.
You spent 911 gold pieces at shops.

Inventory:

Hand Weapons
 f - a +3 lajatang of protection
 i - a +4 vampiric scimitar
 j - a +0 club
 q - a +2 scimitar of flaming
 L - the +7 hand crossbow "Peile" {elec, rC+ Str+3 SInv}
   (You bought it in a shop in the Dungeon)

   It charges the ammunition it shoots with electricity; occasionally upon a
   hit, such missiles may discharge and cause terrible harm.
   It affects your strength (+3).
   It protects you from cold.
   It lets you see invisible.
 R - a +0 triple sword
 S - a +1 lajatang
Armour
 r - a +0 pair of gloves (worn)
 v - a +0 shield
 G - a +0 helmet (worn)
 H - a +0 troll leather armour (worn)
 M - a +0 cloak of poison resistance (worn)
 T - a +1 large shield
Magical Staves
 p - an uncursed staff of energy (weapon)
Jewellery
 t - a +3 ring of dexterity (right hand)
 u - a +2 ring of evasion
 C - a ring of see invisible (left hand)
 O - an uncursed ring of poison resistance
 Q - an uncursed ring of protection from cold
Wands
 o - a wand of acid (3/15)
Scrolls
 k - 4 scrolls of fog
 m - 3 scrolls of remove curse
 n - 2 scrolls of amnesia
 x - a scroll of identify
 z - 4 scrolls of enchant weapon
 Y - a scroll of recharging
Potions
 d - 2 potions of magic
 h - 2 potions of berserk rage
 l - 2 potions of curing
 w - 2 potions of might
 W - a potion of agility
 X - a potion of cure mutation
Books
 a - Sif Muna's Incunabulum of the Frigorific Mountains
   (Sif Muna gifted it to you in the Dungeon)

   Spells                             Type                      Level
   a - Throw Frost                    Conjuration/Ice              2
   b - Stone Arrow                    Conjuration/Earth            3
   c - Petrify                        Transmutation/Earth          4
   d - Metabolic Englaciation         Hexes/Ice                    5
 b - a book of Air

   Spells                             Type                      Level
   a - Shock                          Conjuration/Air              1
   b - Swiftness                      Charms/Air                   2
   c - Repel Missiles                 Charms/Air                   2
   d - Static Discharge               Conjuration/Air              3
   e - Lightning Bolt                 Conjuration/Air              5
 e - Sif Muna's Collected Works on Glacial Combat Magic
   (Sif Muna gifted it to you in the Dungeon)

   Spells                             Type                      Level
   a - Sting                          Conjuration/Poison           1
   b - Iskenderun's Mystic Blast      Conjuration                  4
   c - Ice Form                       Ice/Transmutation            4
   d - Iskenderun's Battlesphere      Conjuration/Charms           5
   e - Freezing Cloud                 Conjuration/Ice/Air          6
   f - Delayed Fireball               Conjuration/Fire             7
 s - Alugaeta's Guide on Damaging Stones
   (Sif Muna gifted it to you in the Dungeon)

   Spells                             Type                      Level
   a - Static Discharge               Conjuration/Air              3
   b - Iskenderun's Battlesphere      Conjuration/Charms           5
   c - Irradiate                      Conjuration/Transmutation    5
   d - Iron Shot                      Conjuration/Earth            6
 y - a book of Beasts

   Spells                             Type                      Level
   a - Summon Butterflies             Summoning                    1
   b - Call Canine Familiar           Summoning                    3
   c - Summon Ice Beast               Ice/Summoning                4
   d - Summon Mana Viper              Hexes/Summoning              5
   e - Summon Hydra                   Summoning                    7
 A - Sif Muna's Tome of Excruciating Summoning
   (Sif Muna gifted it to you in the Dungeon)

   Spells                             Type                      Level
   a - Call Imp                       Summoning                    2
   b - Summon Guardian Golem          Hexes/Summoning              3
   c - Bolt of Draining               Conjuration/Necromancy       5
   d - Fireball                       Conjuration/Fire             5
   e - Summon Mana Viper              Hexes/Summoning              5
   f - Summon Horrible Things         Summoning                    8
 B - Attoih's Volume of Evil
   (Sif Muna gifted it to you in the Dungeon)

   Spells                             Type                      Level
   a - Pain                           Necromancy                   1
   b - Sublimation of Blood           Necromancy                   2
   c - Agony                          Necromancy                   5
   d - Death's Door                   Charms/Necromancy            8
 I - Guuloluk's Reference Book on Supportive Aid
   (Sif Muna gifted it to you in the Dungeon)

   Spells                             Type                      Level
   a - Summon Butterflies             Summoning                    1
   b - Summon Lightning Spire         Summoning/Air                4
   c - Summon Greater Demon           Summoning                    7
   d - Death's Door                   Charms/Necromancy            8
 J - Tesa's Almanac of Captivating Cold
   (Sif Muna gifted it to you in the Dungeon)

   Spells                             Type                      Level
   a - Confusing Touch                Hexes                        1
   b - Corona                         Hexes                        1
   c - Summon Guardian Golem          Hexes/Summoning              3
   d - Tukima's Dance                 Hexes                        3
   e - Silence                        Hexes/Air                    5
   f - Invisibility                   Hexes                        6
   g - Glaciate                       Conjuration/Ice              9
 K - Sif Muna's Tome of Aerial Poisoning
   (Sif Muna gifted it to you in the Dungeon)

   Spells                             Type                      Level
   a - Shock                          Conjuration/Air              1
   b - Alistair's Intoxication        Transmutation/Poison         5
   c - Poisonous Cloud                Conjuration/Poison/Air       6
   d - Poison Arrow                   Conjuration/Poison           6
 Z - Hahirghu's Grimoire of Toxic Combat Magic
   (Sif Muna gifted it to you in the Dungeon)

   Spells                             Type                      Level
   a - Magic Dart                     Conjuration                  1
   b - Mephitic Cloud                 Conjuration/Poison/Air       3
   c - Sticky Flame                   Conjuration/Fire             4
   d - Throw Icicle                   Conjuration/Ice              4
   e - Olgreb's Toxic Radiance        Poison                       4
   f - Conjure Ball Lightning         Conjuration/Air              6
Comestibles
 c - 14 bread rations
 g - 9 chunks of flesh
 D - 43 fruits
 E - 11 meat rations


   Skills:
 - Level 8.8 Fighting
 - Level 14.2 Armour
 - Level 12.5 Dodging
 - Level 2.2 Stealth
 + Level 5.3 Shields
 - Level 11.4 Spellcasting
 - Level 11.0 Conjurations
 - Level 17.3 Summonings
 - Level 10.2 Air Magic
 - Level 17.2 Invocations


You had 8 spell levels left.
You knew the following spells:

 Your Spells              Type           Power        Failure   Level  Hunger
a - Shock                 Conj/Air       ####         1%          1    None
b - Repel Missiles        Chrm/Air       #####.       1%          2    None
c - Swiftness             Chrm/Air       #####...     1%          2    None
d - Lightning Bolt        Conj/Air       ######....   1%          5    None
e - Summon Ice Beast      Ice/Summ       ######..     1%          4    None
f - Summon Hydra          Summ           #######...   6%          7    None
g - Bolt of Draining      Conj/Necr      #####.....   21%         5    None


Dungeon Overview and Level Annotations

Branches:
Dungeon (1/1)

Altars:
Cheibriados
Dithmenos
Elyvilon
Fedhas
Gozag
Hepliaklqana
Kikubaaqudgha
Makhleb
Nemelex Xobeh
Okawaru
Qazlal
Ru
Sif Muna
Trog
Uskayaw
Vehumet
Xom
Yredelemnul
Zin
The Shining One
Beogh
Jiyva
Lugonu

Shops:
D ([([


Message History

The stone giant is severely wounded.
The bolt of lightning hits the stone giant.
You kill the stone giant!
Sif Muna accepts your kill.
You feel your intelligence returning.
Your Shields skill gained 2 levels and is now at level 5!
The bolt of lightning misses the frost giant.
You hear a shout!
You hear a deafening roar!
You hear a horrible gurgling sound!
The stone giant throws a large rock.
The large rock hits you!!!
Ouch! That really hurt!
* * * LOW HITPOINT WARNING * * *
A tengu conjurer comes into view.
Casting: Lightning Bolt
Confirm with . or Enter, or press ? or * to list all spells.
You miscast Summon Hydra.
Sif Muna protects you from the effects of your miscast!
The stone giant throws a large rock.
The large rock hits you!!!
Ouch! That really hurt!
You die...

.[[.[..[[.).))).)).....'.........
▓▓▓▓▓▓▓▓▓▓▓▓▓▓▓▓▓▓▓▓▓▓▓▓▓▓▓▓▓▓▓▓▓
.................................
▓▓▓▓▓▓▓▓▓▓▓▓▓▓▓▓▓▓▓▓▓▓▓▓▓▓▓▓▓▓▓▓.
...)...'.[..(..[)[(..............
▓▓▓▓▓▓▓▓▓▓▓▓▓▓▓▓▓▓▓▓▓▓▓▓▓▓▓▓▓▓▓▓▓
.............)..[................
▓▓▓▓▓▓▓▓▓▓▓▓▓▓▓▓▓▓▓▓▓▓▓▓▓▓▓▓▓▓▓▓.
QuCCC.)@................
▓▓▓▓▓▓▓▓▓▓▓▓▓▓▓▓▓▓▓▓▓▓▓▓


You could see a frost giant, a white very ugly thing, 2 stone giants and a tengu
conjurer.

Vanquished Creatures
  A thorn hunter (D)
  A nagaraja (D)
  A ghost moth (D)
  2 stone giants (D)
  An entropy weaver (D)
  A rakshasa (D)
  2 centaur warriors (D)
  A merfolk aquamancer (D)
  A deep troll earth mage (D)
  An ogre mage (D)
  A naga sharpshooter (D)
  An orc high priest (D)
  A skeletal warrior (D)
  An unseen horror (D)
  A glowing orange brain (D)
  A wizard (D)
  2 orc knights (D)
  A deep elf mage (D)
  An orb spider (D)
  A harpy (D)
  A cyclops (D)
  An orc sorcerer (D)
  An ugly thing (D)
  A manticore (D)
  2 wolf spiders (D)
  An elephant (D)
  2 water nymphs (D)
  2 naga magi (D)
  A black mamba (D)
  2 spiny frogs (D)
  Psyche (D)
  A komodo dragon (D)
  A troll (D)
  A merfolk (D)
  A wind drake (D)
  2 bog bodies (D)
  7 two-headed ogres (D)
  2 hippogriffs (D)
  A redback (D)
  A tarantella (D)
  2 hogs (D)
  4 yaks (D)
  3 vampire mosquitoes (D)
  A naga (D)
  A warg (D)
  2 water moccasins (D)
  3 porcupines (D)
  4 hell hounds (D)
  15 orc warriors (D)
  A swamp drake (D)
  6 ogres (D)
  3 wolves (D)
  A centaur (D)
  2 crocodiles (D)
  A bullfrog (D)
  3 scorpions (D)
  3 crimson imps (D)
  A jelly (D)
  2 orc priests (D)
  3 orc wizards (D)
  An adder (D)
  2 shadow imps (D)
  4 orcs (D)
  2 giant cockroaches (D)
  A goblin (D)
  2 bats (D)
  A kobold (D)
129 creatures vanquished.

Vanquished Creatures (collateral kills)
  Kirke (D)
  Donald (D)
  Agnes (D)
  An ogre mage (D)
  Erolcha (D)
  A naga warrior (D)
  A ghost crab (D)
  A shock serpent (D)
  A sea snake (D)
  A harpy (D)
  An ugly thing (D)
  A naga mage (D)
  A black mamba (D)
  A hornet (D)
14 creatures vanquished.

Vanquished Creatures (others)
  An alligator (D)
  A spiny frog (D)
  A briar patch (D)
3 creatures vanquished.

Grand Total: 146 creatures vanquished

Notes
Turn   | Place    | Note
-------+----------+-------------------------------------------
     0 | D        | igo the High Elf Air Elementalist began the quest for the Orb.
     0 | D        | Reached XP level 1. HP: 11/11 MP: 4/4
    50 | D        | Noticed a crimson imp
    50 | D        | Noticed a crimson imp
    61 | D        | Reached skill level 5 in Air Magic
    72 | D        | Reached XP level 2. HP: 6/17 MP: 0/7
    77 | D        | Killed a crimson imp
    77 | D        | Reached XP level 3. HP: 20/21 MP: 5/10
    79 | D        | Reached skill level 5 in Dodging
    79 | D        | Reached skill level 5 in Spellcasting
    79 | D        | Reached XP level 4. HP: 25/27 MP: 3/12
    88 | D        | Learned a level 2 spell: Repel Missiles
    91 | D        | Learned a level 2 spell: Swiftness
   101 | D        | Found a roughly hewn altar of Beogh.
   101 | D        | Found a snail-covered altar of Cheibriados.
   101 | D        | Found a shadowy altar of Dithmenos.
   101 | D        | Found a white marble altar of Elyvilon.
   101 | D        | Found a blossoming altar of Fedhas.
   101 | D        | Found an opulent altar of Gozag.
   102 | D        | Found a hazy altar of Hepliaklqana.
   103 | D        | Found a viscous altar of Jiyva.
   104 | D        | Found an ancient bone altar of Kikubaaqudgha.
   105 | D        | Found a corrupted altar of Lugonu.
   106 | D        | Found a burning altar of Makhleb.
   107 | D        | Found a sparkling altar of Nemelex Xobeh.
   108 | D        | Found an iron altar of Okawaru.
   109 | D        | Found a stormy altar of Qazlal.
   110 | D        | Found a sacrificial altar of Ru.
   111 | D        | Found a deep blue altar of Sif Muna.
   112 | D        | Found a bloodstained altar of Trog.
   113 | D        | Found a hide-covered altar of Uskayaw.
   114 | D        | Found a radiant altar of Vehumet.
   115 | D        | Found a shimmering altar of Xom.
   116 | D        | Found a basalt altar of Yredelemnul.
   117 | D        | Found a glowing silver altar of Zin.
   118 | D        | Found a glowing golden altar of the Shining One.
   119 | D        | Became a worshipper of Sif Muna the Loreminder
   151 | D        | Noticed an orc warrior
   151 | D        | Noticed a troll
   151 | D        | Noticed an ogre
   166 | D        | Killed an ogre
   166 | D        | Reached * piety under Sif Muna
   166 | D        | Reached XP level 5. HP: 31/31 MP: 4/15
   170 | D        | Killed a troll
   170 | D        | Reached ** piety under Sif Muna
   170 | D        | Reached XP level 6. HP: 36/36 MP: 5/18
   170 | D        | Reached *** piety under Sif Muna
   180 | D        | Killed an orc warrior
   180 | D        | Reached skill level 10 in Air Magic
   180 | D        | Reached XP level 7. HP: 32/41 MP: 10/20
   230 | D        | Noticed a cyan ugly thing
   230 | D        | Noticed a deep elf mage
   238 | D        | Learned a level 5 spell: Lightning Bolt
   242 | D        | Reached skill level 1 in Fighting
   242 | D        | Reached skill level 1 in Invocations
   242 | D        | Reached skill level 1 in Armour
   248 | D        | Killed a deep elf mage
   248 | D        | Reached skill level 10 in Dodging
   248 | D        | Reached XP level 8. HP: 34/54 MP: 7/21
   293 | D        | Killed a green ugly thing
   293 | D        | Reached skill level 5 in Fighting
   470 | D        | Learned a level 4 spell: Summon Ice Beast
   480 | D        | Noticed a komodo dragon
   482 | D        | Reached skill level 10 in Invocations
   482 | D        | Reached XP level 9. HP: 61/61 MP: 11/22
   487 | D        | Killed a komodo dragon
   488 | D        | Reached **** piety under Sif Muna
   651 | D        | Noticed a black mamba
   651 | D        | Noticed an elephant
   656 | D        | Killed an elephant
   656 | D        | Killed a black mamba
   656 | D        | Reached skill level 15 in Invocations
   661 | D        | Reached XP level 10. HP: 66/66 MP: 3/23
   662 | D        | Noticed a spiny frog
   666 | D        | Noticed a spiny frog
   666 | D        | Killed a spiny frog
   669 | D        | Killed a spiny frog
   669 | D        | Reached ***** piety under Sif Muna
   669 | D        | Identified Attoih's Volume of Evil (Sif Muna gifted it to you in the Dungeon)
   669 | D        | Received a gift from Sif Muna
   669 | D        | Reached skill level 5 in Summonings
   941 | D        | Identified Sif Muna's Tome of Excruciating Summoning (Sif Muna gifted it to you in the Dungeon)
   941 | D        | Received a gift from Sif Muna
   946 | D        | Noticed an orc knight
   967 | D        | Killed an orc knight
   967 | D        | Reached skill level 10 in Summonings
   994 | D        | Noticed an orc knight
   997 | D        | Identified Guuloluk's Reference Book on Supportive Aid (Sif Muna gifted it to you in the Dungeon)
   997 | D        | Received a gift from Sif Muna
  1000 | D        | Killed an orc knight
  1005 | D        | Noticed an orc sorcerer
  1007 | D        | Noticed an orc high priest
  1009 | D        | Noticed a rust devil
  1017 | D        | Noticed a sun demon
  1017 | D        | Killed an orc high priest
  1017 | D        | Reached XP level 11. HP: 35/72 MP: 13/24
  1018 | D        | Killed an orc sorcerer
  1018 | D        | Identified Tesa's Almanac of Captivating Cold (Sif Muna gifted it to you in the Dungeon)
  1018 | D        | Received a gift from Sif Muna
  1189 | D        | Found Saloa's Antique Armour Boutique.
  1208 | D        | Found Gatotato's Weapon Shop.
  1210 | D        | Noticed an ogre mage
  1211 | D        | Identified Sif Muna's Tome of Aerial Poisoning (Sif Muna gifted it to you in the Dungeon)
  1211 | D        | Received a gift from Sif Muna
  1212 | D        | Found Votyixu's Armour Boutique.
  1217 | D        | Killed an ogre mage
  1225 | D        | Found Ezatoe's Weapon Shop.
  1238 | D        | Bought the +7 hand crossbow "Peile" {elec, rC+ Str+3 SInv} for 818 gold pieces
  1240 | D        | Bought a +0 cloak of poison resistance for 93 gold pieces
  1304 | D        | Noticed Psyche
  1313 | D        | Killed Psyche
  1313 | D        | Reached skill level 15 in Summonings
  1326 | D        | Learned a level 7 spell: Summon Hydra
  1471 | D        | Noticed a skeletal warrior
  1475 | D        | Noticed a centaur warrior
  1475 | D        | Reached skill level 5 in Armour
  1476 | D        | Killed a skeletal warrior
  1477 | D        | Noticed a stone giant
  1479 | D        | Noticed a wizard
  1482 | D        | Killed an unseen horror
  1482 | D        | Killed a stone giant
  1484 | D        | Noticed a glowing orange brain
  1484 | D        | Killed a centaur warrior
  1484 | D        | Reached skill level 10 in Armour
  1486 | D        | Noticed a green ugly thing
  1486 | D        | Killed a wizard
  1488 | D        | Noticed a centaur warrior
  1489 | D        | Noticed a deep troll earth mage
  1490 | D        | Killed a centaur warrior
  1490 | D        | Reached XP level 12. HP: 26/77 MP: 0/25
  1493 | D        | Killed a deep troll earth mage
  1493 | D        | Identified Hahirghu's Grimoire of Toxic Combat Magic (Sif Muna gifted it to you in the Dungeon)
  1493 | D        | Received a gift from Sif Muna
  1501 | D        | Noticed an ogre mage
  1513 | D        | Killed an ogre mage
  1730 | D        | Noticed a nagaraja
  1730 | D        | Noticed a naga warrior
  1734 | D        | Killed a nagaraja
  1742 | D        | Killed a naga warrior
  1742 | D        | Identified Sif Muna's Incunabulum of the Frigorific Mountains (Sif Muna gifted it to you in the Dungeon)
  1742 | D        | Received a gift from Sif Muna
  1799 | D        | Noticed a merfolk aquamancer
  1809 | D        | Killed a merfolk aquamancer
  1907 | D        | Identified Alugaeta's Guide on Damaging Stones (Sif Muna gifted it to you in the Dungeon)
  1907 | D        | Received a gift from Sif Muna
  1919 | D        | Learned a level 5 spell: Bolt of Draining
  1936 | D        | Noticed an alligator
  1936 | D        | Noticed a thorn hunter
  1945 | D        | Noticed a ghost crab
  1945 | D        | Killed an alligator
  1946 | D        | Killed a thorn hunter
  1946 | D        | Reached skill level 10 in Spellcasting
  1946 | D        | Reached XP level 13. HP: 51/85 MP: 0/28
  2020 | D        | Noticed an entropy weaver
  2021 | D        | Killed a ghost moth
  2021 | D        | Reached skill level 10 in Conjurations
  2022 | D        | Identified Sif Muna's Collected Works on Glacial Combat Magic (Sif Muna gifted it to you in the Dungeon)
  2022 | D        | Received a gift from Sif Muna
  2028 | D        | Killed an entropy weaver
  2056 | D        | Noticed a ghost moth
  2108 | D        | HP: 4/88 [ghost moth (5)]
  2171 | D        | Paralysed by fainting for 10 turns
  2216 | D        | Paralysed by fainting for 11 turns
  2263 | D        | Paralysed by fainting for 6 turns
  2360 | D        | Noticed Kirke
  2439 | D        | Killed Kirke
  2492 | D        | Noticed Agnes
  2517 | D        | Killed Agnes
  2664 | D        | Noticed Erolcha
  2669 | D        | Noticed Donald
  2682 | D        | Killed Donald
  2687 | D        | Killed Erolcha
  2794 | D        | Noticed a white very ugly thing
  2794 | D        | Noticed a frost giant
  2794 | D        | Noticed a stone giant
  2794 | D        | Noticed a stone giant
  2794 | D        | Noticed a stone giant
  2800 | D        | Killed a stone giant
  2800 | D        | Reached skill level 5 in Shields
  2801 | D        | Hit by a large rock thrown by a stone giant

Skill      XL: |  1  2  3  4  5  6  7  8  9 10 11 12 13 |
---------------+----------------------------------------+-----
Air Magic      | 5 6 8 9 10 | 10.2
Spellcasting   | 3 4 5 6 8 10 11 | 11.4
Dodging        | 3 4 5 6 8 10 11 12 | 12.5
Conjurations   | 2 3 4 6 7 8 9 11 | 11.0
Fighting       | 4 5 6 8 |  8.8
Invocations    | 7 10 15 16 17 | 17.2
Armour         | 4 11 13 14 | 14.2
Summonings     | 12 15 17 | 17.3
Shields        | 5 |  5.3
Stealth        | |  2.2

Action                   |  1- 3 |  4- 6 |  7- 9 | 10-12 | 13-15 || total
-------------------------+-------+-------+-------+-------+-------++-------
Melee: Staff             |       |       |       |     1 |     3 ||     4
 Cast: Shock             |    16 |    17 |     3 |     2 |       ||    38
       Lightning Bolt    |       |       |    26 |   124 |    33 ||   183
       Swiftness         |       |       |     1 |       |       ||     1
       Repel Missiles    |       |       |       |     3 |       ||     3
       Summon Hydra      |       |       |       |     4 |    17 ||    21
Invok: Channel Magic     |       |     1 |     7 |    20 |    11 ||    39
Evoke: Wand              |       |     4 |       |       |       ||     4
  Use: Potion            |     4 |       |     1 |     5 |     6 ||    16
       Scroll            |       |       |       |       |     3 ||     3
  Eat: Chunk             |       |       |     1 |     9 |     2 ||    12
       Meat ration       |       |       |       |       |     1 ||     1
Armor: Robe              |       |       |       |     2 |       ||     2
       Leather armour    |       |       |       |     2 |       ||     2
       Troll leather arm |       |       |       |     3 |     9 ||    12
Dodge: Dodged            |    12 |     3 |    16 |    77 |    63 ||   171
       Deflected         |       |       |       |     6 |     1 ||     7
